 Dungeon Crawl Stone Soup version 0.21-a0-417-g0adc95b (webtiles) character file.

65 drevant the Skirmisher (level 3, -1/29 HPs)
             Began as a Demonspawn Abyssal Knight on Nov 3, 2017.
             Was a Follower of Lugonu.
             Killed from afar by an orc wizard (4 damage)
             ... with a magic dart
             ... on level 2 of the Dungeon.
             The game lasted 00:03:10 (1170 turns).

drevant the Skirmisher (Demonspawn Abyssal Knight)  Turns: 1170, Time: 00:03:11

Health: -1/29      AC:  7    Str: 18    XL:     3   Next: 92%
Magic:  4/4        EV: 10    Int: 13    God:    Lugonu [*.....]
Gold:   70         SH:  0    Dex: 12    Spells: 2/2 levels left

rFire    . . .     SeeInvis .   a - +1 spear
rCold    . . .     Gourm    .   (no shield)
rNeg     . . .     Faith    .   j - +0 scale mail
rPois    .         Spirit   .   (helmet restricted)
rElec    .         Reflect  .   o - +0 cloak
rCorr    .         Harm     .   (no gloves)
MR       .....                  (no boots)
Stlth    ..........             (no amulet)
HPRegen  0.09/turn              (no ring)
MPRegen  0.09/turn              (no ring)

@: mighty, slowed, very slow
A: horns 1, spiny 1
a: Depart the Abyss, Renounce Religion


You were on level 2 of the Dungeon.
You worshipped Lugonu.
Lugonu was aware of your devotion.
You were not hungry.

You visited 1 branch of the dungeon, and saw 2 of its levels.
You visited the Abyss 1 time.

You collected 70 gold pieces.

Inventory:

Hand Weapons
 a - a +1 spear (weapon)
Missiles
 e - 48 stones (quivered)
Armour
 b - a +0 leather armour
 j - a +0 scale mail (worn)
 o - a +0 cloak (worn)
Jewellery
 g - a cursed ring of loudness {unknown}
Scrolls
 d - 2 scrolls of remove curse {unknown}
 h - 2 scrolls of teleportation {unknown}
 m - a scroll of enchant weapon {unknown}
 n - a scroll of recharging {unknown}
Potions
 i - a potion of degeneration {unknown}
 k - a potion of brilliance {unknown}
Comestibles
 c - 2 bread rations


   Skills:
 + Level 3.4 Fighting
 * Level 3.0 Polearms
 + Level 2.4 Armour
 - Level 1.0 Dodging
 - Level 2.5 Invocations


You had 2 spell levels left.
You didn't know any spells.

Dungeon Overview and Level Annotations

Branches:
Dungeon (2/15)

Altars:

Annotations:
D:2 Robin


Innate Abilities, Weirdness & Mutations

You have a pair of small horns on your head.
You are partially covered in sharp spines.


Message History

The orc wizard hits you but does no damage.
You closely miss the orc wizard.
The orc wizard is almost dead.
The orc wizard casts a spell at you. The magic dart hits you!
* * * LOW HITPOINT WARNING * * *
The orc wizard hits you but does no damage.
It was a potion of might.
You feel very mighty all of a sudden.
The orc wizard hits you but does no damage.
You closely miss the orc wizard.
The orc wizard is almost dead.
The orc wizard mumbles some strange words.
The orc wizard seems to speed up.
The orc wizard hits you with a dagger.
* * * LOW HITPOINT WARNING * * *
You completely miss the orc wizard.
The orc wizard is almost dead.
The orc wizard gestures at you while chanting.
The magic dart hits you!
You die...

...##.###.######
...............## (.
..........#.....###....
....................>..
....#..#..##.##)###....
....#..#.....##[<# ..
............)##..#
....#.##.###.....###
##..#.##.# #.##.@o.# .
#......)#
####.##.####....
#.......#
#.............
#.......#
#.............
#.......#
#..........##.
#.......# #...o......#
######### #....o.....#
#..........#
#..........#


You could see an orc wizard.

Vanquished Creatures
  An orc priest (D:2)
  A dart slug (D:1)
  An orc (D:2)
  A ball python (D:2)
  2 giant cockroaches
  4 goblins
  5 hobgoblins
  2 jackals (D:2)
  4 kobolds
  5 bats
  2 frilled lizards
  2 rats (D:1)
30 creatures vanquished.

Vanquished Creatures (others)
  A goblin (D:2)
  5 toadstools (D:1)
6 creatures vanquished.

Grand Total: 36 creatures vanquished

Notes
Turn   | Place    | Note
-------+----------+-------------------------------------------
     0 | Abyss:1  | drevant the Demonspawn Abyssal Knight began the quest for the Orb.
     0 | Abyss:1  | Reached XP level 1. HP: 18/18 MP: 2/2
    26 | Abyss:1  | Noticed a catoblepas zombie
    28 | Abyss:1  | Noticed a large abomination
    50 | Abyss:1  | Noticed an ophan
    51 | D:1      | Escaped the Abyss
    69 | D:1      | Reached skill level 1 in Dodging
   133 | D:1      | Reached * piety under Lugonu
   133 | D:1      | Gained mutation: You are partially covered in sharp spines. [demonic ancestry]
   133 | D:1      | Reached XP level 2. HP: 9/24 MP: 3/3
   756 | D:2      | Noticed Robin
   825 | D:2      | Gained mutation: You have a pair of small horns on your head. [demonic ancestry]
   825 | D:2      | Reached XP level 3. HP: 29/29 MP: 4/4
  1170 | D:2      | Killed from afar by an orc wizard

Vault maps used:
D:1:      ldierk_walled_garden
D:2:      yredelemnul_forgotten_temple_becter, uniq_robin

Skill      XL: |  1  2  3 |
---------------+----------+-----
Dodging        | 1 |  1.0
Polearms       | 2 3 |  3.0
Armour         | 2 |  2.4
Fighting       | |  3.4
Invocations    | |  2.5

Action                   || total
-------------------------++-------
Melee: Spear             ||    96
       Headbutt          ||     2
Throw: Stone             ||     1
Invok: Depart the Abyss  ||     1
  Use: Potion            ||     1
  Eat: Chunk             ||     1
Armor: Leather armour    ||     8
       Scale mail        ||    26
Dodge: Dodged            ||    44

Table legend:
 A = Spawn XP
 B = Non-spawn XP
 C = Spawn XP percentage of total XP
 D = Spawn monster count
 E = Non-spawn monster count
 F = Spawn count percentage of total count
 G = Total turns spent on level
                    A         B        C        D         E        F      G
               +---------+---------+-------+---------+---------+-------+---------
         Total |       0 |      93 |   0.0 |       0 |      30 |   0.0 |  1170
               +---------+---------+-------+---------+---------+-------+---------
           D:1 |       0 |      32 |   0.0 |       0 |      18 |   0.0 |   736
           D:2 |       0 |      61 |   0.0 |       0 |      12 |   0.0 |   383
               +---------+---------+-------+---------+---------+-------+---------
